 Dungeon Crawl Stone Soup version 0.25-a0-635-g0c6c292ef3 (webtiles) character file.

Game seed: 9712416282101506665, levelgen mode: deterministic

2028 kae the Cleaver (level 9, -4/82 HPs)
             Began as a Hill Orc Fighter on Mar 20, 2020.
             Was an Initiate of Qazlal.
             Slain by a two-headed ogre
             ... wielding a +0 giant club
              (12 damage)
             ... on level 8 of the Dungeon.
             The game lasted 00:05:59 (6984 turns).

kae the Cleaver (Hill Orc Fighter)                  Turns: 6984, Time: 00:06:00

Health: -4/82      AC:  6    Str: 22    XL:     9   Next: 23%
Magic:  11/11      EV:  7    Int:  8    God:    Qazlal [......]
Gold:   425        SH: 10    Dex: 10    Spells: 8/8 levels left

rFire    . . .     SeeInvis .   a - +1 war axe
rCold    + . .     Gourm    .   c - +1 kite shield
rNeg     . . .     Faith    .   b - +0 scale mail
rPois    .         Spirit   .   (no helmet)
rElec    .         Reflect  .   (no cloak)
rCorr    .         Harm     .   (no gloves)
MR       .....                  (no boots)
Stlth    ..........             (no amulet)
HPRegen  0.23/turn              r - ring of protection from fire
MPRegen  0.12/turn              y - ring of ice

@: no status effects
A: no striking features
a: Renounce Religion


You were on level 8 of the Dungeon.
You worshipped Qazlal.
Qazlal was noncommittal.
You were not hungry.

You visited 2 branches of the dungeon, and saw 9 of its levels.

You collected 425 gold pieces.

Inventory:

Hand Weapons
 a - a +1 war axe (weapon)
Armour
 b - a +0 scale mail (worn)
 c - a +1 kite shield (worn)
Jewellery
 r - a ring of protection from fire (left hand)
 y - a ring of ice (right hand)
Wands
 q - a wand of flame (20)
 s - a wand of polymorph (3)
 x - a wand of random effects (15)
Scrolls
 g - a scroll of enchant weapon
 h - 2 scrolls of teleportation
 n - 2 scrolls of amnesia
 o - 3 scrolls of remove curse
 t - a scroll of magic mapping
Potions
 d - 3 potions of might
 e - 3 potions of invisibility
 i - 2 potions of haste
 j - a potion of flight
 k - 2 potions of curing
 l - a potion of ambrosia
 m - a potion of berserk rage
 p - a potion of mutation
 w - 2 potions of heal wounds
 z - a potion of degeneration
Comestibles
 f - 17 rations


   Skills:
 + Level 8.7 Fighting
 * Level 12.1 Axes
 - Level 3.2 Armour
 - Level 3.2 Shields
 * Level 3.7 Invocations


You had 8 spell levels left.
You didn't know any spells.
Your spell library was empty.

Dungeon Overview and Level Annotations

Branches:
Dungeon (8/15)             Temple (1/1) D:7            Lair (0/6) D:8

Altars:
Cheibriados
Dithmenos
Fedhas
Gozag
Hepliaklqana
Kikubaaqudgha
Makhleb
Nemelex Xobeh
Okawaru
Qazlal
Ru
Trog
Uskayaw
Vehumet
Wu Jian
Xom
Zin
The Shining One


Message History

You hit the two-headed ogre but do no damage.
The two-headed ogre is severely wounded.
The two-headed ogre hits you with a +0 giant club!
The two-headed ogre hits you with a +0 giant club.
You are too injured to fight recklessly!
You are too injured to fight recklessly!
You are too injured to fight recklessly!
You are too injured to fight recklessly!
Your shield and scale mail prevent you from hitting the two-headed ogre.
The two-headed ogre is severely wounded.
The two-headed ogre hits you with a +0 giant club.
The two-headed ogre hits you with a +0 giant club!!
You barely miss the two-headed ogre.
The two-headed ogre is severely wounded.
You hit the two-headed ogre.
The two-headed ogre is severely wounded.
The two-headed ogre hits you with a +0 giant club!!
* * * LOW HITPOINT WARNING * * *
The two-headed ogre hits you with a +0 giant club!
You die...

#.......# #........#
#.......###........#
#.........>........#
#.......###.........#
#.......# #............
#.......# ####.###.#######
#.......## #.#.........#
#######..#####......[....#
##.@O..##..........#
######.#[..........# ...
#..O..........# ..(##
##...........#
....##.............
#..#...###..####.
#.......# #......###..##
#.......# ##..##.####..#
.. #.......#
#..........#'##


You could see a two-headed ogre.

Vanquished Creatures
  A troll (D:7)
  Edmund (D:4)
  A hornet zombie (D:8)
  An ice beast (D:5)
  2 centaurs
  A big kobold (D:3)
  2 bullfrogs
  A scorpion (D:8)
  4 crimson imps
  A bullfrog zombie (D:7)
  4 hounds
  3 bullfrog skeletons
  An orc priest (D:6)
  A centaur skeleton (D:4)
  7 orc wizards
  3 worker ants
  2 iguanas
  A killer bee zombie (D:7)
  A hound zombie (D:8)
  A hound skeleton (D:3)
  A howler monkey zombie (D:7)
  A worker ant zombie (D:8)
  7 gnolls
  11 adders
  A shadow imp (D:8)
  3 oozes
  2 worms
  2 dart slugs (D:1)
  3 leopard geckos
  17 orcs
  8 giant cockroaches
  9 hobgoblins
  6 jackals (D:2)
  10 kobolds
  3 quokkas
  2 ball pythons (D:3)
  8 bats
  4 frilled lizards
  13 goblins
  A leopard gecko zombie (D:8)
  A quokka skeleton (D:7)
  12 rats
164 creatures vanquished.

Vanquished Creatures (others)
  A leopard gecko (D:8)
1 creature vanquished.

Grand Total: 165 creatures vanquished

Notes
Turn   | Place    | Note
-------+----------+-------------------------------------------
     0 | D:1      | kae the Hill Orc Fighter began the quest for the Orb.
     0 | D:1      | Reached XP level 1. HP: 19/19 MP: 1/1
   139 | D:1      | Reached skill level 3 in Axes
   345 | D:1      | Reached XP level 2. HP: 27/27 MP: 2/2
   485 | D:1      | Reached skill level 4 in Axes
   485 | D:1      | Reached XP level 3. HP: 33/33 MP: 3/3
  1015 | D:2      | Reached XP level 4. HP: 36/41 MP: 4/4
  1141 | D:2      | Reached skill level 5 in Axes
  1374 | D:2      | Reached XP level 5. HP: 35/47 MP: 5/5
  1807 | D:3      | Noticed a big kobold
  1821 | D:3      | Killed a big kobold
  1821 | D:3      | Reached skill level 5 in Fighting
  1821 | D:3      | Reached skill level 6 in Axes
  1924 | D:3      | Reached XP level 6. HP: 56/56 MP: 6/6
  1943 | D:3      | Found a sparkling altar of Nemelex Xobeh.
  2052 | D:3      | Reached skill level 7 in Axes
  2055 | D:3      | Found a faded altar of an unknown god.
  2256 | D:4      | Noticed Edmund
  2277 | D:4      | Killed Edmund
  2277 | D:4      | Reached skill level 8 in Axes
  2364 | D:4      | Reached XP level 7. HP: 63/63 MP: 7/7
  3014 | D:5      | Entered Level 5 of the Dungeon
  3266 | D:5      | Reached skill level 9 in Axes
  3269 | D:5      | Found a hazy altar of Hepliaklqana.
  3585 | D:5      | Found an ornate altar of the Wu Jian Council.
  3918 | D:6      | Found a radiant altar of Vehumet.
  3923 | D:6      | Reached XP level 8. HP: 70/73 MP: 8/8
  4274 | D:6      | Reached skill level 10 in Axes
  4704 | D:6      | Found a burning altar of Makhleb.
  4970 | D:7      | Found a shadowy altar of Dithmenos.
  5177 | D:7      | Reached skill level 11 in Axes
  5390 | D:7      | Found a staircase to the Ecumenical Temple.
  5414 | D:7      | Noticed a troll
  5420 | D:7      | Killed a troll
  5435 | Temple   | Entered the Ecumenical Temple
  5764 | Temple   | Became a worshipper of Qazlal Stormbringer
  5986 | D:7      | Found an opulent altar of Gozag.
  5987 | D:7      | Found a glowing silver altar of Zin.
  6023 | D:7      | Reached skill level 1 in Invocations
  6200 | D:8      | Reached XP level 9. HP: 63/82 MP: 10/10
  6309 | D:8      | Reached skill level 12 in Axes
  6633 | D:8      | Noticed a two-headed ogre
  6636 | D:8      | Noticed a death drake
  6636 | D:8      | a two-headed ogre changed into a death drake
  6653 | D:8      | HP: 4/80 [death drake/foul vapour (11)]
  6654 | D:8      | Found a staircase to the Lair.
  6654 | D:8      | Noticed a two-headed ogre
  6984 | D:8      | Slain by a two-headed ogre

Levels and vault maps discovered:
D:1:      lightli_arrival_statuegarden, layout_loops_ring
D:2:      layout_loops_ring, first_ration, nrook_mini_vaults, minivault_14
D:3:      layout_rooms, lemuel_crystal_altar, chequers_ecumenical_altar_simple,
          minmay_misc_feat_tower
D:4:      layout_rooms, uniq_edmund
D:5:      layout_loops_ring, kennysheep_mini_moat, kennysheep_mini
D:6:      layout_cave_pools, nicolae_overflow_crystal_walls,
          vehumet_altar_wand_db
D:7:      layout_basic, grunt_temple_overflow_gold_and_silver,
          overflow_temple_1_default, minmay_temple_entry_water_ring,
          kennysheep_crisscross
D:8:      layout_rooms, chequers_temple_overflow_statue_of_worship,
          supply_closet_lemuel, grunt_livestock
Temple:   dpeg_chambers_temple

Skill      XL: |  1  2  3  4  5  6  7  8  9 |
---------------+----------------------------+-----
Axes           | 3 4 5 6 8 9 11 12 | 12.1
Fighting       | 4 5 6 7 8 |  8.7
Invocations    | 2 3 |  3.7
Armour         | |  3.2
Shields        | |  3.2

Action                   |  1- 3 |  4- 6 |  7- 9 || total
-------------------------+-------+-------+-------++-------
Melee: War axe           |   124 |   168 |   310 ||   602
Evoke: Wand              |       |       |     6 ||     6
  Use: Scroll            |       |     5 |    15 ||    20
       Potion            |       |       |     1 ||     1
  Eat: Chunk             |       |     5 |    15 ||    20
Armor: Scale mail        |    58 |    57 |   100 ||   215
       Skin              |       |     7 |       ||     7
Dodge: Dodged            |    33 |    50 |    78 ||   161
Block: Kite shield       |    66 |    83 |   130 ||   279

Table legend:
 A = Non-vault XP
 B = Vault XP
 C = Vault XP percentage of total XP
 D = Non-vault monster count
 E = Vault monster count
 F = Vault count percentage of total count
                 A         B        C        D         E       F
            +---------+---------+-------+---------+---------+-------
      Total |    2734 |     164 |   5.7 |     162 |       2 |   1.2
            +---------+---------+-------+---------+---------+-------
        D:1 |      48 |       0 |   0.0 |      24 |       0 |   0.0
        D:2 |     140 |       0 |   0.0 |      35 |       0 |   0.0
        D:3 |     219 |       0 |   0.0 |      29 |       0 |   0.0
        D:4 |     245 |     162 |  39.8 |      16 |       1 |   5.9
        D:5 |     432 |       2 |   0.5 |      17 |       1 |   5.6
        D:6 |     302 |       0 |   0.0 |      13 |       0 |   0.0
        D:7 |     761 |       0 |   0.0 |      13 |       0 |   0.0
        D:8 |     587 |       0 |   0.0 |      15 |       0 |   0.0
            +---------+---------+-------+---------+---------+-------
